 Dungeon Crawl Stone Soup version 0.26.1-11-gd32895ea62 (webtiles) character file.

Game seed: 3176928081803359477

1096 mankey1987 the Basher (level 8, 0/117 HPs)
             Began as an Ogre Berserker on May 26, 2021.
             Was a Believer of Trog.
             Slain by a gnoll
             ... wielding a +0 club
              (6 damage)
             ... on level 5 of the Dungeon.
             The game lasted 00:07:23 (6592 turns).

mankey1987 the Basher (Ogre Berserker)              Turns: 6592, Time: 00:07:25

Health: 0/117      AC:  4    Str: 22    XL:     8   Next: 31%
Magic:  8/8        EV: 10    Int:  8    God:    Trog [**....]
Gold:   193        SH:  0    Dex: 10    Spells: 7/7 levels left

rFire    . . .     SeeInvis .   r - +0 giant spiked club
rCold    . . .     Faith    .   (shield currently unavailable)
rNeg     . . .     Spirit   .   b - +0 animal skin
rPois    .         Reflect  .   (helmet restricted)
rElec    .         Harm     .   n - +0 cloak (curse)
rCorr    .         Rampage  .   (gloves unavailable)
Will     ++...                  (boots unavailable)
Stlth    ..........             (no amulet)
HPRegen  1.29/turn              (no ring)
MPRegen  0.11/turn              (no ring)

@: berserking, regenerating, very quick
A: large, unfitting armour, tough skin 1
a: Renounce Religion, Berserk, Trog's Hand


You were on level 5 of the Dungeon.
You worshipped Trog.
Trog was pleased with you.
You visited 1 branch of the dungeon, and saw 5 of its levels.

You collected 193 gold pieces.

Inventory:

Hand Weapons
 a - a +0 mace
 r - a +0 giant spiked club (weapon)
Armour
 b - a +0 animal skin (worn)
 n - a cursed +0 cloak (worn)
Scrolls
 c - a scroll of enchant armour {unknown}
 d - a scroll of fog {unknown}
 e - 2 scrolls of enchant weapon {unknown}
 f - 2 scrolls of teleportation {unknown}
 g - 2 scrolls of amnesia {unknown}
 h - 9 scrolls of identify {unknown}
 k - 3 scrolls of magic mapping {unknown}
 l - 2 scrolls of fear {unknown}
 m - 2 scrolls of remove curse {unknown}
 o - 3 scrolls of blinking {unknown}
Potions
 i - 3 potions of curing {unknown}
 j - a potion of might {unknown}
 p - a potion of lignification {unknown}
 q - a potion of magic {unknown}


   Skills:
 - Level 4.0 Fighting
 + Level 9.2 Maces & Flails
 - Level 2.6 Dodging


You had 7 spell levels left.
You didn't know any spells.
Your spell library was empty.

Dungeon Overview and Level Annotations

Branches:
Dungeon (5/15)
 Temple: D:4-7

Altars:
Ashenzari
Cheibriados
Ru


Innate Abilities, Weirdness & Mutations

You are too large for most types of armour.
You have tough skin. (AC +1)


Message History

The gnoll hits you with a +0 club.
* * * LOW HITPOINT WARNING * * *
The gnoll hits you with a +0 flail.
* * * LOW HITPOINT WARNING * * *
The gnoll barely misses you.
Okay, then.
Your skin crawls.
You feel strong-willed. The gnoll hits you with a +0 club.
* * * LOW HITPOINT WARNING * * *
The gnoll closely misses you.
A dart slug comes into view.
A red film seems to cover your vision as you go berserk!
You feel yourself moving faster!
You feel mighty! The gnoll hits you with a +0 club.
* * * LOW HITPOINT WARNING * * *
The gnoll hits you with a +0 flail.
* * * LOW HITPOINT WARNING * * *
The gnoll hits you with a +0 club.
You die...

# .# #
#.##
##.##w..#
#..)@#
##.gg#
#..[.
##..#.
##.#.#
##. . #
##


You could see 2 gnolls and a dart slug.

Vanquished Creatures
  Pikel (D:4)
  An ice beast (D:5)
  An ogre (D:4)
  A lemure (D:3)
  2 orc priests (D:4)
  A bullfrog skeleton (D:4)
  A gnoll shaman (D:5)
  2 hounds (D:4)
  An orc wizard (D:4)
  An iguana (D:4)
  A worker ant (D:4)
  Natasha (twice) (D:4)
  Robin (D:4)
  A gnoll (D:5)
  6 adders
  A howler monkey skeleton (D:4)
  An adder skeleton (D:4)
  2 worms
  4 dart slugs
  2 leopard geckos
  6 orcs
  A ball python (D:4)
  7 bats
  4 giant cockroaches
  18 goblins
  8 hobgoblins
  7 jackals (D:3)
  2 quokkas (D:2)
  2 frilled lizards
  8 kobolds
  5 rats (D:3)
101 creatures vanquished.

Vanquished Creatures (others)
  2 fungi (D:3)
  31 plants (D:3)
33 creatures vanquished.

Grand Total: 134 creatures vanquished

Notes
Turn   | Place    | Note
-------+----------+-------------------------------------------
     0 | D:1      | mankey1987 the Ogre Berserker began the quest for the Orb.
     0 | D:1      | Reached XP level 1. HP: 24/24 MP: 1/1
    24 | D:1      | Reached skill level 3 in Maces & Flails
   243 | D:1      | Reached XP level 2. HP: 29/32 MP: 2/2
   738 | D:1      | Reached XP level 3. HP: 30/39 MP: 3/3
   931 | D:1      | Reached ** piety under Trog
  1517 | D:2      | Reached skill level 4 in Maces & Flails
  1674 | D:2      | Found a snail-covered altar of Cheibriados.
  2026 | D:2      | Reached XP level 4. HP: 15/48 MP: 4/4
  3669 | D:3      | Reached skill level 5 in Maces & Flails
  3681 | D:3      | Reached XP level 5. HP: 8/54 MP: 5/5
  4098 | D:3      | Found a sacrificial altar of Ru.
  4237 | D:3      | Found a broken altar of Ashenzari.
  4241 | D:3      | Saw a vision of the Swamp and the Snake Pit.
  4241 | D:3      | Noticed a black mamba
  4241 | D:3      | Noticed an alligator
  4241 | D:3      | Noticed a goliath frog
  4241 | D:3      | Noticed a naga
  4241 | D:3      | Noticed a goliath frog
  4241 | D:3      | Noticed a vampire mosquito
  4241 | D:3      | Noticed a vampire mosquito
  4241 | D:3      | Noticed a guardian serpent
  4242 | D:3      | Noticed a naga sharpshooter
  4243 | D:3      | Noticed a swamp drake
  4243 | D:3      | Noticed a will-o-the-wisp
  4896 | D:4      | Noticed Natasha
  4903 | D:4      | Killed Natasha
  4904 | D:4      | Reached XP level 6. HP: 41/62 MP: 6/6
  5074 | D:4      | Reached skill level 6 in Maces & Flails
  5709 | D:4      | Reached skill level 7 in Maces & Flails
  5709 | D:4      | Reached XP level 7. HP: 61/70 MP: 7/7
  5777 | D:4      | Noticed Natasha
  5779 | D:4      | Noticed Pikel
  6013 | D:4      | Killed Natasha
  6024 | D:4      | Killed Pikel
  6025 | D:4      | Reached skill level 8 in Maces & Flails
  6025 | D:4      | Reached XP level 8. HP: 37/78 MP: 8/8
  6275 | D:4      | Noticed Robin
  6287 | D:4      | Killed Robin
  6578 | D:5      | Entered Level 5 of the Dungeon
  6584 | D:5      | Reached skill level 9 in Maces & Flails
  6592 | D:5      | Slain by a gnoll

Illustrated notes

Levels and vault maps discovered:
D:1:      dpeg_arrival_stonehenge_12_columns, layout_basic,
          hangedman_decor_lopped, minmay_quantized
D:2:      layout_basic, lemuel_crystal_altar
D:3:      layout_loops_ring, nicolae_ru_path_of_blood, serial_bayou,
          serial_bayou_ford_a, serial_bayou_pond_b, serial_bayou_shore_b,
          serial_bayou_pond_d, serial_bayou_pond_d, serial_bayou_shore_a,
          grunt_ashenzari_visionary [grunt_ashenzari_visionary_swamp,
          grunt_ashenzari_visionary_snake]
D:4:      layout_basic, uniq_pikel, uniq_robin, uniq_natasha
D:5:      layout_loops_ring, biasface_ghost_orc_armoury

Skill      XL: |  1  2  3  4  5  6  7  8 |
---------------+-------------------------+-----
Maces & Flails | 3 4 5 7 8 9 |  9.2
Fighting       | |  4.0
Dodging        | |  2.6

Action                   |  1- 3 |  4- 6 |  7- 9 || total
-------------------------+-------+-------+-------++-------
Melee: Mace              |   105 |   153 |       ||   258
       Giant spiked club |       |    22 |    84 ||   106
Invok: Berserk           |       |     1 |     2 ||     3
       Trog's Hand       |       |     1 |     1 ||     2
  Use: Potion            |       |     1 |       ||     1
Armor: Animal skin       |    41 |   120 |    33 ||   194
Dodge: Dodged            |    84 |   154 |    83 ||   321
